[Event "Szansa Chess Open 2022"]
[Site "Warsaw"]
[Date "2022.09.18"]
[Round "9.19"]
[White "Goraj, Barbara"]
[Black "Tsiapko, Andrii"]
[Result "1-0"]
[ECO "B36"]
[WhiteElo "2121"]
[BlackElo "1590"]
[Annotator "TA"]
[PlyCount "145"]
[EventDate "2022.09.17"]
[EventCountry "POL"]
[SourceTitle "playchess.com"]
[Source "ChessBase"]
[SourceQuality "1"]
[TimeControl "900+10"]

1. e4 c5 2. Nf3 Nc6 3. d4 cxd4 4. Nxd4 g6 5. c4 Nf6 6. Nc3 d6 7. Be2 Bg7 8. Be3 O-O 9. O-O a5 10. f3 {[%emt 0:00:59][%cal Bf2f3,Bf3f4,Bf4f5][%mdl 32] B38: Sicilian: Maroczy Bind with 5...Bg7 and 7...0-0.} Nd7 11. Nd5 {[%emt 0:00:33] Prevents Qb6.} (11. Ndb5 $16) 11... Nc5 $11 12. Qd2 {[%emt 0:02:50] White has an edge.} Be6 (12... Nxd4 $11 {was preferrable.} 13. Bxd4 Bxd4+ 14. Qxd4 e5) 13. Nb5 $16 {[%emt 0:02:35] [#]} Bxd5 $146 ({Predecessor:} 13... Rc8 14. Rad1 b6 15. b3 f5 16. exf5 Rxf5 17. f4 Rf7 18. Nd4 Bd7 19. Bf3 e6 {1-0 (44) Scharrer,P (2269)-Castell Cantero,S (2095) Calvia 2011}) 14. exd5 (14. Qxd5 $6 Bxb2 15. Rab1 Bg7 $11) 14... Ne5 (14... Nb4 $142) 15. f4 Ned7 16. f5 {[%emt 0:01:12] White is more active.} Ne4 17. Qc2 Ndc5 18. Rab1 (18. Rf4 $142) 18... Qd7 (18... Be5 $142) 19. g4 (19. Bg4 $142 $1) 19... Rac8 20. Kh1 (20. Rbd1 $16) 20... Kh8 ({Black should try} 20... e6 $1 $14) 21. Rf3 (21. fxg6 $16 hxg6 22. Bf3) 21... gxf5 $14 22. Rxf5 e6 $1 23. Rh5 {[%emt 0:00:01] Hoping for Bxc5.} f5 ({Black should play} 23... exd5 24. Rxd5 (24. cxd5 f5 $14) 24... Qe6) 24. gxf5 (24. dxe6 $16 Qxe6 25. Nd4 Ng3+ 26. hxg3 Qxe3 27. Nxf5 Qe4+ 28. Qxe4 Nxe4 29. Kg2) 24... exf5 25. Rf1 Rce8 (25... Be5 $11) 26. Bd4 (26. Bg1 $1 $16) 26... f4 (26... Qe7 $11 {keeps the balance.}) 27. Bf3 {[%emt 0:00:09] This bishop pair is nice.} (27. Bxc5 $16 dxc5 28. Bf3) 27... Qf7 $2 {[%emt 0:00:18][%mdl 8192] [#]} (27... Bxd4 $14 28. Nxd4 Rg8) 28. Nxd6 $1 $18 Qg6 29. Bxg7+ (29. Bxc5 $2 Ng3+ $1 30. hxg3 Qxc2 31. Nxe8 Rxe8 $19) 29... Kxg7 30. Nxe4 {[%emt 0:00:23] Really sharp!} Nxe4 31. Qg2 {[%emt 0:00:08] Inhibits Ng3+.} (31. Qd1 $1 $18) 31... Qxg2+ $14 32. Kxg2 {[%emt 0:00:02] Strongly threatening Rd1.} Nd2 33. Rc1 Nxf3 $2 (33... Re3 $11 {and Black has nothing to worry.} 34. Rh3 Kf6) 34. Kxf3 $11 {[%emt 0:00:02][%mdl 4096] Endgame KRR-KRR} Re3+ 35. Kf2 Rd3 36. Re5 f3 37. Rc2 {[%emt 0:00:00] Prevents Rd2+.} (37. Re7+ $18 Rf7 38. Rxf7+ Kxf7 39. Rc3 Rd2+ 40. Kxf3) 37... Rd4 (37... Rc8 $16) 38. Re3 $18 Rdf4 (38... Rh4 {keeps fighting.} 39. Kf1 b6) 39. d6 Rd4 40. c5 (40. Rxf3 Rxd6 41. Rxf8 Kxf8 $16) 40... b6 41. Rxf3 $2 (41. cxb6 Rxd6 42. Rc7+ (42. Rxf3 Rxf3+ 43. Kxf3 Rxb6 $16) 42... Kh6 43. b7 (43. Rxf3 Rxf3+ 44. Kxf3 Rxb6 $16) 43... Rd2+ 44. Kf1) 41... bxc5 42. Rxf8 (42. Rxc5 $18 {and the rest is easy.} Rxd6 43. Rg5+ (43. Rxa5 Rd2+ 44. Ke3 Rxb2 $16) 43... Kh6 44. Rxa5 (44. Rxf8 Kxg5 45. Ke3 a4 $16)) 42... Kxf8 $16 43. Rxc5 Rxd6 $18 {[%emt 0:00:17] KR-KR} 44. Rf5+ Ke7 45. Ke3 {[%emt 0:00:06] Inhibits Rd2.} a4 (45... Rb6 $1 $14) 46. a3 (46. Rf2 $16) 46... Rb6 $11 47. Rf2 Ke6 48. Kd4 Rb3 49. h4 Rh3 $2 {[%emt 0:00:12][%mdl 8192] White leaves nothing to chance now.} (49... h6 $11) 50. Rf4 $1 $18 {[%emt 0:00:02] And now Kc5 would win.} Rb3 $2 {[%emt 0:00:10] [#]} (50... Kd6 51. Rf6+ Kd7) 51. Kc5 $1 Rxb2 52. Rxa4 Rc2+ 53. Rc4 Ra2 54. a4 Kd7 {[%emt 0:00:03] [#]} 55. Kb5 $1 Rb2+ 56. Rb4 Ra2 57. Kb6 Kc8 58. a5 Kb8 59. Ka6+ Kc7 60. Rb7+ Kc8 61. Rxh7 Re2 {[%emt 0:00:14] White mates.} 62. Rh6 Kb8 63. Rg6 Rh2 64. Rg4 Rh1 65. Rb4+ Ka8 66. Kb6 Kb8 67. Rg4 Rb1+ 68. Kc6 Ka7 69. Rg5 Rh1 70. h5 Ka6 71. Kd6 Kb7 72. Ke6 Rf1 73. Rf5 {[%emt 0:00:02] Weighted Error Value: White=0.54/Black=0.51} 1-0

[Event "Szansa Chess Open 2022"]
[Site "Warsaw"]
[Date "2022.09.18"]
[Round "9.20"]
[White "Krasenkova, Elena"]
[Black "Mulawa, Cyprian"]
[Result "0-1"]
[ECO "E71"]
[WhiteElo "2124"]
[BlackElo "2149"]
[Annotator "TA"]
[PlyCount "108"]
[EventDate "2022.09.17"]
[EventCountry "POL"]
[SourceTitle "playchess.com"]
[Source "ChessBase"]
[SourceQuality "1"]
[TimeControl "900+10"]

1. d4 {[%emt 0:00:01] ChessBase II} Nf6 2. c4 g6 3. Nc3 Bg7 4. e4 d6 5. h3 O-O 6. Nf3 e5 7. d5 a5 8. Bg5 h6 9. Be3 Na6 10. a3 Nc5 11. Nd2 c6 {[%emt 0:00:09] E90: King's Indian: Classical: Early deviations and 6 h3.} 12. b4 axb4 13. axb4 {[%emt 0:00:01][%mdl 64] Discovered Attack} Rxa1 {[%emt 0:00:02] White is better.} 14. Qxa1 Na6 15. Qa3 Nh5 {[%emt 0:00:47] [#]} 16. dxc6 $146 (16. b5 $16 Nc5 17. dxc6 (17. Bxc5 dxc5 18. dxc6 bxc6 $16)) ({Predecessor:} 16. b5 cxb5 17. Nxb5 f5 {1-0 (17) Marholev,D (2355)-Lagarde,M (2462) Sautron 2011 EXT 2016 [ChessBase II]}) 16... bxc6 $14 17. c5 {[%emt 0:05:30] [#]} (17. b5 $14 Nb8 18. Qa7) 17... dxc5 $1 $15 18. bxc5 ({Wrong is} 18. Bxa6 $2 cxb4 19. Qa2 Bxa6 20. Qxa6 bxc3 $19) 18... Nc7 19. Nc4 Be6 (19... Ne6 $17 {Strongly threatening ...Nd4.} 20. Ne2 Bd7) 20. Nd6 f5 21. Be2 Nf4 22. Bxf4 exf4 23. exf5 Qa8 24. Qc1 Bxf5 {[%emt 0:02:01] Hoping for ...Qa5.} 25. O-O Be6 26. Bf3 Qa5 (26... Kh7 $14) 27. Nce4 (27. Ne2 $16) 27... Nd5 (27... Qb4 $11) 28. Qb1 g5 (28... Kh8 $11) 29. Qb7 (29. Bg4 $1 $16 Bxg4 30. hxg4) 29... Qc7 {[%emt 0:00:04] [#]} (29... Qa8 $1 $14) 30. Rb1 ({White should play} 30. Qa6 $1 $16) 30... Bd4 $2 {[#]} (30... Qxb7 $11 {and Black stays safe.} 31. Rxb7 Bd4) 31. Qxc7 $2 ({Only move:} 31. Qa6 $1 $18) 31... Nxc7 $11 32. Rb6 Bd5 33. Bg4 Nb5 34. Rb7 (34. Nxb5 $11 cxb5 35. Be6+ Bxe6 36. Rxe6) 34... Nxd6 $15 35. Nxd6 Ra8 {[%emt 0:00:18] ...Ra1+ is the strong threat.} 36. Nf5 Ra1+ 37. Kh2 Bxf2 {[%emt 0:00:07] This bishop pair is nice.} (37... Bxc5 $5 38. Ne7+ Kf8 39. Ng6+ Kg8 40. Ne7+ Bxe7 41. Rxe7 Kf8 $17) 38. Nxh6+ $2 {[%emt 0:00:03][%mdl 8192] Black converts the advantage convincingly.} (38. Ne7+ $11 Kf8 39. Ng6+ Kg8 40. Ne7+ Kh8 41. Ng6+ Kg8 42. Ne7+) 38... Kh8 $19 39. Nf5 {[%emt 0:00:23] Inhibits Bg3+.} Bg1+ 40. Kh1 Bxc5+ 41. Kh2 Ra2 42. Rb8+ Kh7 43. Rb7+ Kg6 {[%emt 0:00:02] Black mates.} 44. h4 Rxg2+ 45. Kh3 Rg1 46. Rg7+ Kf6 47. hxg5+ Ke5 48. Kh4 Rh1+ 49. Bh3 Bg2 50. Kh5 Bxh3 51. Nh4 Be6 52. g6 Bf2 53. Kg5 Bxh4+ 54. Kh6 Bf6# {[%emt 0:00:02] Weighted Error Value: White=0.60/Black=0.27 (precise)} 0-1

[Event "Szansa Chess Open 2022"]
[Site "Warsaw"]
[Date "2022.09.18"]
[Round "9.21"]
[White "Adamski, Adam"]
[Black "Lewandowski, Rafal"]
[Result "1-0"]
[ECO "B20"]
[WhiteElo "1886"]
[BlackElo "2183"]
[Annotator "TA"]
[PlyCount "105"]
[EventDate "2022.09.17"]
[EventCountry "POL"]
[SourceTitle "playchess.com"]
[Source "ChessBase"]
[SourceQuality "1"]
[TimeControl "900+10"]

1. e4 c5 2. b3 e6 3. Bb2 d5 4. exd5 exd5 5. Bb5+ Nc6 6. Qe2+ {[%emt 0:00:03] B20: Sicilian: Unusual White 2nd moves.} Be6 7. Nf3 a6 8. Bxc6+ {[%emt 0:00:04] White is slightly better.} bxc6 9. d4 Nf6 10. O-O h6 {[%emt 0:01:08] Against Ng5} (10... Be7 $11 {remains equal.}) 11. Ne5 Qc8 {[%emt 0:01:00] [#]} 12. Re1 $146 {[%emt 0:01:16] White is more active.} ({Predecessor:} 12. f4 Be7 13. Nd2 Ra7 14. Rac1 cxd4 15. Bxd4 c5 16. Bb2 O-O 17. c4 d4 18. Ne4 {0-1 (29) Kaczmarek,A (1821)-Bartosik,P (1986) Kowalewo Pomorskie 2009}) 12... Bd6 ({Black should try} 12... cxd4 $14 13. c3 d3 14. Nxd3 Be7) 13. dxc5 Bxc5 14. Ng6 $2 fxg6 $17 15. Qxe6+ Qxe6 16. Rxe6+ Kd7 17. Re2 Rae8 18. Nc3 {[%emt 0:00:25] [#]} Rhf8 ({Better is} 18... Ng4 $1 $17 {[%cal Rg4f2] And now ...Nxf2 would win.} 19. Rf1 Rhf8 20. Rxe8 Rxe8) 19. Rxe8 $11 (19. Rae1 {seems wilder.} Ng4 20. Rxe8 Bxf2+ 21. Kh1) 19... Kxe8 20. Na4 Ba7 21. Kf1 {[%emt 0:01:44] [#]} (21. Ba3 $14) 21... Ng4 $1 $17 22. f3 (22. Re1+ Kd7 23. f3 Ne3+ 24. Rxe3 Bxe3 25. Bxg7 Re8 $17) 22... Ne3+ ({Don't play} 22... Nxh2+ $6 23. Ke2 $11) 23. Ke2 Rf7 ({Much less strong is} 23... Nxc2 24. Rc1 Nd4+ 25. Bxd4 Bxd4 26. Kd3 $16 (26. Rxc6 Rf6 $16)) (23... Nxg2 $17 {Strongly threatening ...Kf7.} 24. Bxg7 Rf5) 24. g3 $1 $15 Nxc2 25. Rc1 Re7+ 26. Kd1 $1 Ne3+ 27. Kd2 Kd7 28. Ba3 Rf7 {[%emt 0:00:17][%mdl 8192] White stays focused until the end.} (28... Nf5 $11 {and Black has nothing to worry.}) 29. Bc5 $18 Rxf3 30. Bxa7 Nf1+ (30... Ng4 31. Nc5+ Kc7 32. Ne6+ Kd7) 31. Ke2 Nxh2 32. Rh1 Rxg3 33. Rxh2 h5 34. Bd4 Ke6 35. Bxg7 Kf5 36. Nc5 a5 37. Rf2+ Kg4 38. Nd3 g5 39. Be5 Rg1 40. Ne1 h4 41. Rg2+ Rxg2+ 42. Nxg2 Kf5 43. Bc7 Ke4 44. Kf2 d4 45. Bxa5 Kd3 46. Ne1+ Ke4 47. Nf3 {[%emt 0:00:07] White mates.} Kd3 48. Nxg5 Kc2 49. Ke2 Kb2 50. Kd3 Kxa2 51. b4 Kb3 52. Kxd4 Ka4 53. Ke4 {Weighted Error Value: White=0.22 (precise) /Black=0.54} (53. Kc5 $142 Kb3 54. Kxc6 h3 55. Nxh3 Ka3 56. Kc5 Kb2 57. b5 Kc1 58. b6) 1-0

[Event "Szansa Chess Open 2022"]
[Site "Warsaw"]
[Date "2022.09.18"]
[Round "9.22"]
[White "Klim, Filip"]
[Black "Rudzinska, Michalina"]
[Result "1-0"]
[ECO "B15"]
[WhiteElo "2011"]
[BlackElo "2289"]
[Annotator "ChessBase"]
[PlyCount "110"]
[EventDate "2022.09.17"]
[EventCountry "POL"]
[SourceTitle "playchess.com"]
[Source "ChessBase"]
[SourceQuality "1"]
[TimeControl "900+10"]

1. e4 c6 2. d4 d5 3. Nc3 dxe4 4. Nxe4 Nf6 5. Nxf6+ exf6 6. c3 Bd6 7. Bd3 O-O 8. Qc2 Re8+ 9. Ne2 h5 10. O-O h4 11. Nf4 Nd7 12. Qd1 Nf8 13. Qh5 Qc7 14. g3 g5 15. Ng2 Qd7 16. Bxg5 fxg5 17. Qxg5+ Kh8 18. Qf6+ Kg8 19. Nxh4 Be7 20. Qh6 Bxh4 21. Qxh4 Qg4 22. Qxg4+ Bxg4 23. f3 Bh3 24. Rfe1 Ne6 25. Kf2 Kg7 26. Re5 Rh8 27. Rae1 Rad8 28. Bc4 b5 29. Bb3 Kg6 30. g4 Nf4 31. Kg3 Nd5 32. Rh5 Rxh5 33. gxh5+ Kxh5 34. Kxh3 Nf4+ 35. Kg3 Nd3 36. Bxf7+ Kg5 37. Re6 Rf8 38. h4+ Kf5 39. Re7 Kf6 40. Re3 Nxb2 41. Bb3 Nc4 42. Bxc4 bxc4 43. Re5 Rg8+ 44. Rg5 Rb8 45. Rc5 Rb2 46. Rxc6+ Kf5 47. Rc5+ Kf6 48. Ra5 Rc2 49. Ra3 Kf5 50. Ra5+ Kf6 51. Rxa7 Rxc3 52. Rc7 Ke6 53. Rc5 Rc1 54. Kf4 c3 55. Ke3 Kd6 1-0

[Event "Szansa Chess Open 2022"]
[Site "Warsaw"]
[Date "2022.09.18"]
[Round "9.23"]
[White "Staniak, Mariusz"]
[Black "Kutowski, Marcel"]
[Result "0-1"]
[ECO "B52"]
[WhiteElo "1737"]
[BlackElo "2046"]
[Annotator "TA"]
[PlyCount "70"]
[EventDate "2022.09.17"]
[EventCountry "POL"]
[SourceTitle "playchess.com"]
[Source "ChessBase"]
[SourceQuality "1"]
[TimeControl "900+10"]

1. e4 c5 2. Nf3 d6 3. Bb5+ Bd7 4. a4 Nf6 5. Nc3 g6 6. O-O {[%emt 0:00:07] B52: Sicilian: Moscow Variation with 3...Bd7.} Bg7 7. d4 cxd4 8. Nxd4 {[%emt 0:00:01] The position is equal.} O-O 9. Re1 Nc6 10. Nxc6 bxc6 {[%emt 0:00:15] [#]} 11. Bf1 $146 ({Predecessor:} 11. Bc4 Qa5 12. Be3 Rab8 13. Rb1 c5 14. Bg5 h6 15. Bxf6 Bxf6 16. f4 Bd4+ 17. Kh1 Bxc3 18. bxc3 Qxc3 {0-1 (30) Gonzalez,J-Sanchez Quintero,R (2245) Asturias 1998}) 11... Rb8 12. Rb1 Qc7 (12... Ng4 {with more complications.} 13. Bf4 Bxc3 14. bxc3 Rxb1 15. Qxb1 Qc7) 13. Bd2 e5 14. b3 d5 15. exd5 cxd5 16. Nb5 Bxb5 17. Bxb5 Rfd8 18. Bg5 (18. c4 $142) 18... e4 19. Qc1 Ng4 20. Bxd8 $4 {[%emt 0:03:21][%mdl 8192] Now White is beyond hope.} (20. Qf4 $11 {and White has nothing to worry.} Qxf4 21. Bxf4) 20... Qxh2+ $19 (20... Rxd8 21. g3 $11) 21. Kf1 Rxd8 (21... Rc8 $142 22. Ba5 (22. Bd7 $2 Qh1+ 23. Ke2 Qxg2 $19) 22... Qh1+ 23. Ke2 Qxg2) 22. Qg5 Nf6 23. Qg3 Qh1+ 24. Ke2 Qh5+ 25. Kf1 {[%emt 0:00:09] [#]} Ng4 $1 26. f3 Nh2+ 27. Ke2 Be5 28. Qf2 d4 (28... Rd6 $19 {and Black stays clearly on top.} 29. Kd1 a6) 29. Rh1 (29. Kd1 $17 {was the only defense.} exf3 30. gxf3) 29... Qf5 {[%emt 0:01:25] Hoping for ...d3+. Dancing on a razor blade.} 30. Rbd1 {[%emt 0:00:49] Prevents d3+.} ({Don't blunder} 30. Qh4 $2 exf3+ 31. Kd2 {[#]} (31. Ke1 {is a self mate.} Qxc2 32. gxf3 Nxf3+ 33. Kf1 Nxh4 34. Rxh4 Qxb1+ 35. Kg2 d3 36. Re4 d2 37. Rxe5 d1=Q 38. Kg3 Qd4 39. Rg5 Qbg1+ 40. Kh3 Qde3+ 41. Kh4 Qgxg5#) 31... fxg2 $1 32. Qxd8+ Kg7 33. Rxh2 Bf4+ 34. Ke2 Qe4+ 35. Kf2 Bxh2 $19) (30. Rxh2 exf3+ 31. Kd1 Bxh2 32. Qxf3) 30... Rc8 {[%emt 0:03:17] ( -> ...exf3+)} 31. Bc4 e3 {[%emt 0:00:07][%mdl 64] Discovered Attack} 32. Qh4 Qxc2+ {[%emt 0:00:05] Black mates.} 33. Ke1 Qxg2 34. Rxh2 Bg3+ ({Not} 34... Qxh2 35. Qxh2 Bxh2 36. Rxd4 $17) 35. Qxg3 Qxg3+ {[%emt 0:00:02] Weighted Error Value: White=0.95/Black=0.29 (precise)} 0-1

[Event "Szansa Chess Open 2022"]
[Site "Warsaw"]
[Date "2022.09.18"]
[Round "9.24"]
[White "Jarocka, Liwia"]
[Black "Rylski, Tadeusz"]
[Result "1/2-1/2"]
[ECO "D45"]
[WhiteElo "2131"]
[BlackElo "1733"]
[Annotator "TA"]
[PlyCount "108"]
[EventDate "2022.09.17"]
[EventCountry "POL"]
[SourceTitle "playchess.com"]
[Source "ChessBase"]
[SourceQuality "1"]
[TimeControl "900+10"]

1. d4 d5 2. Nf3 Nf6 3. c4 c6 4. e3 e6 5. Nc3 Nbd7 6. Be2 dxc4 7. a4 $1 {[%emt 0:00:01][%mdl 4] is more profitable than 7.Bxc4 at the moment.} Bb4 8. Bxc4 {[%emt 0:00:07] D45: Semi-Slav: 5 e3.} O-O 9. O-O {[%emt 0:00:02] [#]} Nb6 $146 ({Predecessor:} 9... Qe7 10. Qe2 e5 11. Qc2 h6 12. Nh4 Qd8 13. Rd1 exd4 14. exd4 Nb6 15. Ba2 Nbd5 16. h3 {0-1 (51) Matlakov,M (2674)-Kozak,A (2458) Chess.com INT 2022}) 10. Bd3 {[%emt 0:00:08] White is slightly better.} Re8 (10... Nbd7 $14) 11. Qc2 (11. e4 $1 $16) 11... Bd6 (11... Nbd7 $14) 12. e4 $1 $18 e5 13. dxe5 Bxe5 14. Nxe5 Rxe5 15. Bf4 (15. f4 $18 Rh5 16. f5) 15... Re8 $16 16. Rfe1 h6 17. Rad1 Qe7 18. h3 {[%emt 0:03:09] Prevents Bg4.} (18. Bf1 $16) 18... Be6 $14 19. Qe2 (19. a5 $14 Nbd7 20. a6) 19... Rad8 ({Black should try} 19... Qb4 $11) 20. e5 (20. a5 $5 Nbd7 21. Bc2 $14) 20... Nfd5 21. Qe4 {[%emt 0:00:28] Qh7+ would kill now.} f5 22. exf6 $1 Nxf6 23. Qg6 $36 {[%emt 0:00:13][%mdl 2048] aiming for Bxh6. White is pushing.} Qf7 $1 24. Bxh6 (24. Be3 $142) 24... Qxg6 (24... Bb3 $1 $11 {remains equal.} 25. Rxe8+ Rxe8) 25. Bxg6 $16 {[%emt 0:00:02] This bishop pair is nice.} Rxd1 26. Nxd1 Bf7 27. Rxe8+ ({White should play} 27. Bxf7+ $16 Kxf7 28. Rxe8 Nxe8 29. Be3) 27... Nxe8 ({Better is} 27... Bxe8 $14 28. Bxe8 gxh6) 28. Bxf7+ Kxf7 {[%emt 0:00:01][%mdl 4096] Endgame [#] KBN-KNN} 29. Be3 Nd6 30. b3 Nbc8 31. Kf1 a6 (31... b6 $16 {was called for.} 32. Ke2 Ne7) 32. Ke2 $18 Ne7 33. Bc5 Ke6 34. Ne3 b5 35. axb5 {[%emt 0:00:05] White is more active.} cxb5 36. Kd3 Nef5 $2 (36... a5 $16 {is more resistant.} 37. f4 Nc6) 37. Nxf5 Nxf5 {[%emt 0:00:02] KB-KN} 38. g4 Nh4 39. f4 {[%emt 0:00:06] And now Bf2 would win.} Kd5 40. Bf2 Ng2 41. Bg3 a5 42. f5 {[%emt 0:00:03] Strongly threatening g5.} a4 {[%emt 0:00:07] [#]} 43. bxa4 (43. b4 $1 $18 a3 44. Kc3) 43... bxa4 $11 {[%emt 0:00:01] The position is equal.} 44. Kc3 Ke4 45. Kb4 Ne3 46. Bd6 Kf3 47. Bf8 Nxg4 48. Bxg7 Nf2 49. f6 Nd3+ 50. Kxa4 {[%emt 0:00:04] White threatens f7 and mate.} Ne5 51. Kb5 {[%emt 0:00:06] With the idea Kc5.} Kg3 52. Kc5 Nd7+ 53. Kd6 Nxf6 54. Bxf6 {[%emt 0:00:01] Threatening mate with h4.} Kxh3 {[%emt 0:00:02] White really could win this.  Weighted Error Value: White=0.23 (precise) /Black=0.39} 1/2-1/2

[Event "Szansa Chess Open 2022"]
[Site "Warsaw"]
[Date "2022.09.18"]
[Round "10.1"]
[White "Gumularz, Szymon"]
[Black "Psyk, Radoslaw"]
[Result "1-0"]
[ECO "A06"]
[WhiteElo "2532"]
[BlackElo "2404"]
[Annotator "ChessBase"]
[PlyCount "65"]
[EventDate "2022.09.17"]
[EventCountry "POL"]
[SourceTitle "playchess.com"]
[Source "ChessBase"]
[SourceQuality "1"]
[TimeControl "900+10"]

1. Nf3 d5 2. e3 c5 3. b3 Nc6 4. Bb2 Nf6 5. Bb5 Bd7 6. c4 e6 7. cxd5 exd5 8. O-O Be7 9. d4 cxd4 10. Nxd4 O-O 11. Nc3 Bg4 12. Be2 Bxe2 13. Ncxe2 Qd7 14. Rc1 Rac8 15. Qd3 Nb4 16. Qb1 Ne4 17. Rcd1 Rfd8 18. Nf4 Bf6 19. a3 Nc6 20. Nf3 Bxb2 21. Qxb2 Qf5 22. h3 Ne7 23. Rc1 Rxc1 24. Rxc1 Rc8 25. Rxc8+ Qxc8 26. Qe5 Qd8 27. Nxd5 Nxd5 28. Qxe4 g6 29. Qd4 Qa5 30. b4 Qb5 31. Qxa7 Qd3 32. Qxb7 Nc3 33. Qxf7+ 1-0

[Event "Szansa Chess Open 2022"]
[Site "Warsaw"]
[Date "2022.09.18"]
[Round "10.2"]
[White "Kosakowski, Jakub"]
[Black "Jakubowski, Krzysztof"]
[Result "1-0"]
[ECO "B48"]
[WhiteElo "2457"]
[BlackElo "2466"]
[Annotator "ChessBase"]
[PlyCount "101"]
[EventDate "2022.09.17"]
[EventCountry "POL"]
[SourceTitle "playchess.com"]
[Source "ChessBase"]
[SourceQuality "1"]
[TimeControl "900+10"]

1. e4 c5 2. Nf3 e6 3. d4 cxd4 4. Nxd4 Nc6 5. Nc3 Qc7 6. Be3 a6 7. Qf3 Nf6 8. O-O-O Ne5 9. Qg3 b5 10. a3 Bb7 11. Bxb5 Rc8 12. Ba4 Nxe4 13. Nxe4 Bxe4 14. Bf4 Qc4 15. Bb3 Nd3+ 16. Kb1 Qxd4 17. cxd3 Bg6 18. Rc1 Rc6 19. Rxc6 dxc6 20. Rd1 Be7 21. Be5 Qb6 22. Ka2 O-O 23. h4 h5 24. Bxe6 Kh7 25. Bc4 Qd8 26. Qf3 Bxh4 27. g4 Qg5 28. Bf4 Qf6 29. gxh5 Bf5 30. Bd2 Be6 31. Qe4+ Bf5 32. Qg2 Qd6 33. Qf3 Qd7 34. Bc3 Bg4 35. Qg2 f6 36. Rg1 Bf5 37. f4 Qa7 38. Bd4 Qc7 39. Qh2 Bg5 40. Rf1 Bh6 41. Bc3 a5 42. Qf2 Re8 43. Qc5 Qd7 44. d4 a4 45. d5 cxd5 46. Bb5 Qe6 47. Bxe8 d4+ 48. Ka1 dxc3 49. Bg6+ Kg8 50. Bxf5 Qe2 51. Qc8+ 1-0

[Event "Szansa Chess Open 2022"]
[Site "Warsaw"]
[Date "2022.09.18"]
[Round "10.3"]
[White "Kozak, Antoni"]
[Black "Nasuta, Grzegorz"]
[Result "0-1"]
[ECO "A06"]
[WhiteElo "2434"]
[BlackElo "2531"]
[Annotator "ChessBase"]
[PlyCount "62"]
[EventDate "2022.09.17"]
[EventCountry "POL"]
[SourceTitle "playchess.com"]
[Source "ChessBase"]
[SourceQuality "1"]
[TimeControl "900+10"]

1. Nf3 d5 2. e3 Nf6 3. c4 c6 4. Nc3 e6 5. b3 Bd6 6. Bb2 O-O 7. Be2 b6 8. Qc2 Bb7 9. Rg1 Na6 10. g4 e5 11. g5 Nd7 12. d3 f5 13. gxf6 Rxf6 14. O-O-O Qe7 15. Rdf1 Raf8 16. Qd1 Ba3 17. Rg2 Bxb2+ 18. Kxb2 Nac5 19. cxd5 cxd5 20. d4 Ne4 21. Nxd5 Bxd5 22. dxe5 Nc3 23. Kxc3 Bxf3 24. Rxg7+ Kxg7 25. exf6+ Qxf6+ 26. Kb4 Qe7+ 27. Kc3 Qe5+ 28. Kd2 Qa5+ 29. Kc2 Qxa2+ 30. Kc3 Rc8+ 31. Kd4 Qb2+ 0-1

[Event "Szansa Chess Open 2022"]
[Site "Warsaw"]
[Date "2022.09.18"]
[Round "10.4"]
[White "Lewicki, Miroslaw"]
[Black "Nguyen, Piotr"]
[Result "0-1"]
[ECO "B06"]
[WhiteElo "2336"]
[BlackElo "2421"]
[Annotator "ChessBase"]
[PlyCount "90"]
[EventDate "2022.09.17"]
[EventCountry "POL"]
[SourceTitle "playchess.com"]
[Source "ChessBase"]
[SourceQuality "1"]
[TimeControl "900+10"]

1. e4 g6 2. d4 Bg7 3. Nf3 d6 4. Be2 Nf6 5. Qd3 O-O 6. O-O Nc6 7. c4 e5 8. Nc3 Nd7 9. Be3 f5 10. Bg5 Bf6 11. Bxf6 Nxf6 12. exf5 gxf5 13. dxe5 dxe5 14. Qxd8 Rxd8 15. Rad1 Be6 16. Ng5 Bf7 17. Nxf7 Kxf7 18. c5 Nd4 19. Bc4+ Kg6 20. Rfe1 e4 21. h3 b6 22. cxb6 axb6 23. Nd5 Nxd5 24. Rxd4 Nb4 25. Red1 Rxd4 26. Rxd4 Nxa2 27. Rd7 Ra7 28. Bf7+ Kf6 29. Bg8 h5 30. Bf7 h4 31. Bc4 Nb4 32. Rh7 Nd3 33. Rxh4 Ra1+ 34. Kh2 Nxb2 35. Bb5 Ra5 36. Be2 Ra2 37. f3 Nd3 38. Bf1 Ne5 39. Kg3 e3 40. Bb5 Rb2 41. Ba6 b5 42. Rh6+ Ng6 43. f4 Kg7 44. Rh5 e2 45. Kf2 Nxf4 0-1

[Event "Szansa Chess Open 2022"]
[Site "Warsaw"]
[Date "2022.09.18"]
[Round "10.5"]
[White "Kowalski, Igor"]
[Black "Czarnecka, Lidia"]
[Result "1/2-1/2"]
[ECO "D45"]
[WhiteElo "2344"]
[BlackElo "1957"]
[Annotator "ChessBase"]
[PlyCount "49"]
[EventDate "2022.09.17"]
[EventCountry "POL"]
[SourceTitle "playchess.com"]
[Source "ChessBase"]
[SourceQuality "1"]
[TimeControl "900+10"]

1. d4 d5 2. c4 c6 3. Nc3 Nf6 4. e3 e6 5. Nf3 Be7 6. Bd3 dxc4 7. Bxc4 b5 8. Bd3 a6 9. e4 c5 10. e5 Nd5 11. Ne4 cxd4 12. O-O O-O 13. a4 b4 14. Nxd4 Bb7 15. Qh5 g6 16. Qh6 Nd7 17. Ng5 Bxg5 18. Bxg5 Qc7 19. Rfe1 Nxe5 20. Be4 Nd7 21. Bxd5 Bxd5 22. Re3 f6 23. Nxe6 Bxe6 24. Rxe6 fxg5 25. Rxg6+ 1/2-1/2

[Event "Szansa Chess Open 2022"]
[Site "Warsaw"]
[Date "2022.09.18"]
[Round "10.6"]
[White "Siekanska, Maria"]
[Black "Lewtak, Damian"]
[Result "0-1"]
[ECO "A40"]
[WhiteElo "2029"]
[BlackElo "2386"]
[Annotator "ChessBase"]
[PlyCount "102"]
[EventDate "2022.09.17"]
[EventCountry "POL"]
[SourceTitle "playchess.com"]
[Source "ChessBase"]
[SourceQuality "1"]
[TimeControl "900+10"]

1. d4 g6 2. c4 Bg7 3. Nf3 d6 4. e4 e5 5. Nc3 exd4 6. Nxd4 Ne7 7. Be2 Nbc6 8. Nxc6 Nxc6 9. O-O O-O 10. Be3 Bxc3 11. bxc3 Re8 12. Qc2 Qe7 13. f3 f5 14. Rae1 fxe4 15. fxe4 Be6 16. Bh6 Ne5 17. Qb3 b6 18. Bf4 Bf7 19. Bxe5 Qxe5 20. Bd3 Be6 21. Rf3 Rf8 22. Ref1 Rxf3 23. Rxf3 Kg7 24. a4 a5 25. h3 Rf8 26. Rxf8 Kxf8 27. Qc2 Qc5+ 28. Qf2+ Qxf2+ 29. Kxf2 Ke7 30. Ke3 Kf6 31. Kd4 g5 32. g4 h5 33. Be2 h4 34. Bd3 Bd7 35. Bc2 Ke7 36. e5 Bc6 37. exd6+ Kxd6 38. Bd1 Bg2 39. Ke3 Ke5 40. Be2 Bc6 41. Bd1 Be4 42. Bb3 Bg2 43. c5 Bxh3 44. Kf3 Bf1 45. cxb6 cxb6 46. Bf7 Bd3 47. Kg2 Kf4 48. Be6 Be2 49. Kh3 Ke3 50. Bd5 Kd2 51. c4 Kc3 0-1